 Dungeon Crawl Stone Soup version bcrawl-1.15-1-g696c4cd9b6 (webtiles) character file.

Game seed: 2194545438415836556

193 Chiseanne the Cudgeler (level 5, 0/38 HPs)
             Began as a Mummy Archaeologist on Sept 23, 2019.
             Killed by divine providence
             ... invoked by an orc priest
              (13 damage)
             ... on level 3 of the Dungeon.
             The game lasted 00:04:42 (3267 turns).

Chiseanne the Cudgeler (Mummy Archaeologist)        Turns: 3267, Time: 00:04:42

Health: 0/38       AC:  9    Str: 14    XL:     5   Next: 43%
Magic:  5/5        EV: 12    Int: 14    God:
Gold:   211        SH:  0    Dex: 15    Spells: 4/4 levels left

rFire    x . .     SeeInvis .   p - +0 trident
rCold    + . .     Gourm    .   (no shield)
rNeg     + + +     Faith    .   n - +0 ring mail
rPois    ∞         Spirit   .   c - +1 hat
rElec    .         Reflect  .   (no cloak)
rCorr    .         Harm     .   q - +0 pair of gloves (curse)
MR       .....     Clarity  +   d - +1 pair of boots
Stlth    ++........             a - amulet of magic regeneration
HPRegen  0.12/turn              h - +4 ring of dexterity
MPRegen  0.34/turn              (no ring)

@: studying Maces & Flails
A: no food or potions, fire vulnerability, clarity, cold resistance 1, negative
energy resistance 3, torment resistance, unbreathing
a: no special abilities


You were on level 3 of the Dungeon.
You were not hungry.

You visited 1 branch of the dungeon, and saw 4 of its levels.

You collected 211 gold pieces.

Inventory:

Hand Weapons
 p - a +0 trident (weapon)
Missiles
 b - 53 sling bullets
 i - 639 stones (quivered)
 j - 193 bolts
 k - 285 poisoned needles
 o - 62 tomahawks
 r - 32 needles of frenzy
Armour
 c - a +1 hat (worn)
 d - a +1 pair of boots (worn)
 n - a +0 ring mail (worn)
 q - a cursed +0 pair of gloves (worn)
Jewellery
 a - an amulet of magic regeneration (around neck)
 h - a +4 ring of dexterity (left hand)
Wands
 t - a wand of polymorph (7)
Scrolls
 g - 3 scrolls of remove curse
 l - a scroll of teleportation {unknown}
 m - 5 scrolls of identify
 s - a scroll of fog {unknown}
Books
 e - a manual of Maces & Flails
Miscellaneous
 f - an ancient crate


   Skills:
 - Level 2.1 Fighting
 + Level 5.3 Maces & Flails
 - Level 0.3 Armour
 - Level 2.9 Dodging
 - Level 2.6 Stealth


You had 4 spell levels left.
You didn't know any spells.
Your spell library was empty.

Dungeon Overview and Level Annotations

Branches:
Dungeon (4/12)
 Temple: D:4-7

Altars:
Cheibriados
Elyvilon
Lugonu
Okawaru
Qazlal
Ru
Trog
The Shining One


Innate Abilities, Weirdness & Mutations

You do not eat or drink.
Your flesh is vulnerable to fire.
You are immune to poison.
You possess an exceptional clarity of mind.
Your flesh is cold resistant. (rC+)
You are immune to negative energy. (rN+++)
You are immune to unholy pain and torment.
You can survive without breathing.


Message History

The orc barely misses you. The orc priest closely misses you.
You barely miss the orc priest.
The orc priest is heavily wounded.
The orc hits you with a +0 falchion.
The orc priest hits you but does no damage.
You hit the orc priest.
The orc priest is severely wounded.
The orc misses you. The orc priest barely misses you.
You hit the orc priest but do no damage.
The orc priest is severely wounded.
The orc barely misses you. The orc priest misses you.
You hit the orc priest but do no damage.
The orc priest is severely wounded.
The orc barely misses you. The orc priest closely misses you.
The orc barely misses you.
You hit the orc priest.
The orc priest is almost dead.
The orc priest invokes the aid of Beogh against you.
Beogh smites you!
You die...

...##..##.#.#..........#.####.#
...###.##.#.#...######.#......#
...# #.##.#.....####...##########
######.##..........#.........>..#
#...%......###..#.#..######..#.#
##.###..#........#.#..# #.....
...####.#.#.####.#....# #.#...
.....##.#.#.#...o..##.### #.#.##
.....'......+...@o......# #.....
.....###.#.#.#.#..###.#.# ###.##
.....##...........[..##.# #.#
.....###.##+##.#..##....# ###.#
.....##..#...#....####### #...#
.....###.+...'.#..# ###.##
.....##..#...#....# #...
.....###.##'##.#..# #.##
.....##...........# #.##


You could see an orc priest and an orc.

Vanquished Creatures
  An orc wizard (D:3)
  2 worker ants
  4 adders (D:3)
  3 oozes
  3 worms
  2 dart slugs (D:3)
  A leopard gecko (D:3)
  5 orcs
  3 ball pythons
  3 giant cockroaches (D:1)
  3 goblins
  9 hobgoblins
  3 kobolds
  5 bats
  3 frilled lizards
  4 rats
54 creatures vanquished.

Notes
Turn   | Place    | Note
-------+----------+-------------------------------------------
     0 | D:1      | Chiseanne the Mummy Archaeologist began the quest for the
                  | Orb.
     0 | D:1      | Reached XP level 1. HP: 15/15 MP: 1/1
   336 | D:1      | Reached XP level 2. HP: 21/21 MP: 2/2
   916 | D:1      | Reached XP level 3. HP: 27/27 MP: 3/3
  1134 | D:2      | Reached skill level 1 in Maces & Flails
  1517 | D:2      | Reached skill level 2 in Maces & Flails
  1695 | D:2      | Reached XP level 4. HP: 15/33 MP: 4/4
  2006 | D:3      | Reached skill level 3 in Maces & Flails
  2182 | D:3      | Found a sacrificial altar of Ru.
  2454 | D:3      | Reached skill level 4 in Maces & Flails
  2830 | D:3      | Reached XP level 5. HP: 38/38 MP: 5/5
  2938 | D:3      | Found a stormy altar of Qazlal.
  2942 | D:3      | Found a corrupted altar of Lugonu.
  2944 | D:3      | Found an iron altar of Okawaru.
  2944 | D:3      | Found a snail-covered altar of Cheibriados.
  2946 | D:3      | Found a glowing golden altar of the Shining One.
  2947 | D:3      | Found a bloodstained altar of Trog.
  2950 | D:3      | Found a white marble altar of Elyvilon.
  3070 | D:3      | Reached skill level 5 in Maces & Flails
  3267 | D:3      | Killed from afar by an orc priest

Skill      XL: |  1  2  3  4  5 |
---------------+----------------+-----
Fighting       | 2 |  2.1
Maces & Flails | 2 4 5 |  5.3
Armour         | |  0.3
Dodging        | |  2.9
Stealth        | |  2.6

Action                   |  1- 3 |  4- 6 || total
-------------------------+-------+-------++-------
Melee: Whip              |   107 |       ||   107
       Trident           |    70 |   164 ||   234
  Use: Scroll            |     4 |       ||     4
 Stab: Sleeping          |     5 |     3 ||     8
Armor: Robe              |    21 |       ||    21
       Ring mail         |    44 |    95 ||   139
Dodge: Dodged            |   110 |   150 ||   260
